 Dungeon Crawl Stone Soup version 0.31-a0-175-g9f7f995f2b (webtiles) character file.

Game seed: 18243895713505878499

93 qw the Shooter (level 4, -3/40 HPs)
             Began as a Naga Hunter on June 16, 2023.
             Killed from afar by Ijyb (7 damage)
             ... with a puff of flame
             ... on level 3 of the Dungeon.
             The game lasted 00:00:43 (1616 turns).

qw the Shooter (Naga Hunter)                        Turns: 1616, Time: 00:00:43

Health: -3/40      AC:  3    Str: 13    XL:     4   Next: 61%
Magic:  4/4        EV:  9    Int: 10    God:
Gold:   51         SH:  0    Dex: 16    Spells: 3/3 levels left

rFire   . . .        Y - +1 shortbow
rCold   . . .        (shield currently unavailable)
rNeg    . . .        c - +0 leather armour
rPois   +            a - +0 helmet
rElec   .            (no cloak)
rCorr   .            (no gloves)
SInv    +            (no barding)
Will    .....        (no amulet)
Stlth   ++           (no ring)
HPRegen 0.26/turn    (no ring)
MPRegen 0.09/turn

%: no passive effects
@: about to teleport, very slow
A: AC +1, large, see invisible, deformed body, poison resistance, slowness 2,
spit poison 1, naga tail 1
a: Spit Poison


You were on level 3 of the Dungeon.
You visited 1 branch of the dungeon, and saw 3 of its levels.

You collected 51 gold pieces.


Innate Abilities, Weirdness & Mutations

Your serpentine skin is tough. (AC +1)
You have supernaturally acute eyesight. (SInv)
Armour fits poorly on your strangely shaped body.
Your system is resistant to poisons. (rPois)
You cover ground very slowly.
You can spit poison.
You have a snake-like lower body.


   Skills:
 + Level 2.7 Fighting
 - Level 5.0 Ranged Weapons
 - Level 1.5 Dodging
 - Level 1.5 Stealth


You had 3 spell levels left.
You didn't know any spells.
Your spell library was empty.

Inventory:

Hand Weapons
 Y - a +1 shortbow (weapon)
Armour
 a - a +0 helmet (worn)
 c - a +0 leather armour (worn)
Scrolls
 d - a scroll of poison {unknown}
 e - a scroll of identify
 g - a scroll of torment {unknown}
 k - a scroll of blinking {unknown}
Potions
 b - a potion of invisibility {unknown}
 f - 2 potions of curing
 h - a potion of resistance {unknown}
 j - a potion of mutation {unknown}

Dungeon Overview and Level Annotations

Branches:
Dungeon (3/15)

Altars:

Annotations:
D:3 Ijyb


Message History

You shoot an arrow. The arrow hits Ijyb but does no damage.
Ijyb is severely wounded.
You have got your breath back.
Ijyb hits you with a +0 dagger.
Ijyb zaps a wand.
The puff of flame hits you.
1607 ||| INVOKING Spit Poison.
Aiming: Spit Poison (1% risk of failure)
Press: ? - help, Shift-Dir - straight line, f/p - Ijyb The splash of poison hits Ijyb but does no damage.
Ijyb is severely wounded.
Ijyb zaps a wand.
The puff of flame hits you!
You shoot an arrow. The arrow hits Ijyb but does no damage.
Ijyb is severely wounded.
Ijyb zaps a wand.
The puff of flame hits you!
1609 ||| READING 2 scrolls of teleportation.
As you read the scroll of teleportation, it crumbles to dust.
You feel strangely unstable.
You have got your breath back.
Ijyb barely misses you.
1610 ||| INVOKING Spit Poison.
Aiming: Spit Poison (1% risk of failure)
Press: ? - help, Shift-Dir - straight line, f/p - Ijyb The splash of poison hits Ijyb.
Ijyb is severely wounded.
Ijyb hits you but does no damage.
You shoot an arrow. The arrow barely misses Ijyb.
Ijyb hits you with a +0 dagger.
You shoot an arrow. The arrow hits Ijyb but does no damage.
Ijyb is severely wounded.
Your surroundings suddenly seem different.
Enter note:
Enter note:
Enter note: You start resting.
You have got your breath back.
Ijyb is nearby!
1616 ||| READING scroll of teleportation.
As you read the scroll of teleportation, it crumbles to dust.
You feel strangely unstable.
Ijyb zaps a wand.
The puff of flame hits you!
You die...

.....# ......... #.#
.....#### #.# ...<.#
#.# .....# #.# ....##
#.# ...#### #.#
<.....# ########.#
......###..)....@#
%)...............#
.)....#..........#
.####...#........####
###...#####.####....#
#.### ###.###.....#
#. ...##.g..### #
####.#)#.....#
......g......#


You could see Ijyb.

Vanquished Creatures
  Robin (D:2)
  An adder (D:2)
  A dart slug (D:3)
  4 orcs (D:3)
  4 ball pythons
  5 endoplasms
  A giant cockroach (D:3)
  13 goblins
  4 hobgoblins
  8 jackals
  A quokka (D:2)
  4 bats
  2 frilled lizards
  6 kobolds
  3 rats
58 creatures vanquished.

Notes
Turn   | Place    | Note
-------+----------+-------------------------------------------
     0 | D:1      | qw the Naga Hunter began the quest for the Orb.
     0 | D:1      | Reached XP level 1. HP: 19/19 MP: 1/1
     0 | D:1      | 0 ||| qw: Version: 0.2-a-29-g511e9b1
     0 | D:1      | 0 ||| qw: Game counter: 5852
     0 | D:1      | 0 ||| qw: Always use a shield: true
     0 | D:1      | 0 ||| qw: God list: Okawaru
     0 | D:1      | 0 ||| qw: Allow faded altars: false
     0 | D:1      | 0 ||| qw: Do Orc after D:15 true
     0 | D:1      | 0 ||| qw: Do second Lair branch before Depths: true
     0 | D:1      | 0 ||| qw: Lair rune preference: random
     0 | D:1      | 0 ||| qw: Plans: Normal
     0 | D:1      | 0 ||| PLANNING D:1-11
    19 | D:1      | 19 ||| INVOKING Spit Poison.
    63 | D:1      | 63 ||| INVOKING Spit Poison.
   114 | D:1      | 114 ||| INVOKING Spit Poison.
   159 | D:1      | 159 ||| INVOKING Spit Poison.
   178 | D:1      | Reached skill level 4 in Ranged Weapons
   178 | D:1      | Reached XP level 2. HP: 26/26 MP: 2/2
   182 | D:1      | 182 ||| INVOKING Spit Poison.
   275 | D:1      | 275 ||| INVOKING Spit Poison.
   314 | D:1      | 314 ||| INVOKING Spit Poison.
   345 | D:1      | 345 ||| INVOKING Spit Poison.
   350 | D:1      | 350 ||| INVOKING Spit Poison.
   448 | D:1      | 448 ||| INVOKING Spit Poison.
   580 | D:1      | 580 ||| READING scroll labelled TICVIE KIARCHEA.
   681 | D:1      | 681 ||| READING 2 scrolls labelled FEODIDDUCW.
   682 | D:1      | 682 ||| READING scroll labelled MYSSIT ANEPLY.
   683 | D:1      | 683 ||| READING scroll labelled DUDIKK ONEVEPA.
   684 | D:1      | 684 ||| READING scroll labelled ZOGIYZ ILIKKEM.
   685 | D:1      | 685 ||| DROPPING scroll of butterflies.
   715 | D:1      | 715 ||| INVOKING Spit Poison.
   734 | D:2      | 734 ||| INVOKING Spit Poison.
   739 | D:2      | Reached XP level 3. HP: 31/32 MP: 3/3
   739 | D:2      | 739 ||| INVOKING Spit Poison.
   740 | D:2      | Noticed Robin
   741 | D:2      | 741 ||| Stepping ~*~*~tactically~*~*~ (outnumbered).
   744 | D:2      | 744 ||| INVOKING Spit Poison.
   745 | D:2      | 745 ||| Stepping ~*~*~tactically~*~*~ (outnumbered).
   748 | D:2      | 748 ||| INVOKING Spit Poison.
   751 | D:2      | 751 ||| INVOKING Spit Poison.
   756 | D:2      | Killed Robin
   757 | D:2      | 757 ||| INVOKING Spit Poison.
   761 | D:2      | 761 ||| INVOKING Spit Poison.
   827 | D:2      | 827 ||| INVOKING Spit Poison.
   861 | D:2      | 861 ||| INVOKING Spit Poison.
   868 | D:2      | 868 ||| INVOKING Spit Poison.
   948 | D:2      | 948 ||| INVOKING Spit Poison.
  1175 | D:2      | 1175 ||| INVOKING Spit Poison.
  1178 | D:2      | Reached skill level 5 in Ranged Weapons
  1178 | D:2      | Reached XP level 4. HP: 35/39 MP: 4/4
  1207 | D:2      | 1207 ||| INVOKING Spit Poison.
  1213 | D:2      | 1213 ||| INVOKING Spit Poison.
  1217 | D:2      | 1217 ||| INVOKING Spit Poison.
  1256 | D:2      | 1256 ||| INVOKING Spit Poison.
  1259 | D:2      | 1259 ||| INVOKING Spit Poison.
  1315 | D:2      | Identified the +1 short sword of Fuchuocs {flame, Will-
                  | Dex+3}
  1352 | D:2      | 1352 ||| UPGRADING to +0 helmet.
  1357 | D:2      | 1357 ||| READING scroll labelled GATINA KEBBI.
  1358 | D:2      | 1358 ||| READING scroll labelled JINKEM DUENE.
  1359 | D:2      | 1359 ||| READING scroll labelled DOITIN RUALAEV.
  1360 | D:2      | 1360 ||| READING 3 scrolls labelled DAHAFIRHAQ.
  1410 | D:3      | 1410 ||| INVOKING Spit Poison.
  1413 | D:3      | 1413 ||| INVOKING Spit Poison.
  1416 | D:3      | 1416 ||| INVOKING Spit Poison.
  1422 | D:3      | 1422 ||| INVOKING Spit Poison.
  1468 | D:3      | 1468 ||| INVOKING Spit Poison.
  1471 | D:3      | 1471 ||| INVOKING Spit Poison.
  1477 | D:3      | 1477 ||| INVOKING Spit Poison.
  1482 | D:3      | 1482 ||| INVOKING Spit Poison.
  1519 | D:3      | 1519 ||| INVOKING Spit Poison.
  1525 | D:3      | 1525 ||| INVOKING Spit Poison.
  1528 | D:3      | 1528 ||| INVOKING Spit Poison.
  1586 | D:3      | 1586 ||| INVOKING Spit Poison.
  1598 | D:3      | Noticed Ijyb
  1599 | D:3      | 1599 ||| INVOKING Spit Poison.
  1602 | D:3      | 1602 ||| INVOKING Spit Poison.
  1607 | D:3      | 1607 ||| INVOKING Spit Poison.
  1608 | D:3      | HP: 4/40 [Ijyb/puff of flame (7)]
  1609 | D:3      | 1609 ||| READING 2 scrolls of teleportation.
  1610 | D:3      | 1610 ||| INVOKING Spit Poison.
  1616 | D:3      | 1616 ||| READING scroll of teleportation.
  1616 | D:3      | Killed from afar by Ijyb

Levels and vault maps discovered:
D:1:      mrwooster_arrival_arrow, layout_loops_cross
D:2:      layout_loops_ring, uniq_robin
D:3:      layout_rooms, nicolae_ecumenical_snake_handling, uniq_terence,
          uniq_ijyb

Skill      XL: |  1  2  3 |
---------------+----------+-----
Ranged Weapons | 4 5 |  5.0
Fighting       | |  2.7
Dodging        | |  1.5
Stealth        | |  1.5

Action                     |  1- 3 |  4- 6 || total
---------------------------+-------+-------++-------
   Fire: Shortbow          |    56 |    58 ||   114
Ability: Spit Poison       |    23 |    21 ||    44
    Use: Scroll            |     5 |     6 ||    11
 Armour: Leather armour    |     4 |    10 ||    14
  Dodge: Dodged            |    19 |    23 ||    42

Table legend:
 A = Non-vault XP
 B = Vault XP
 C = Vault XP percentage of total XP
 D = Non-vault monster count
 E = Vault monster count
 F = Vault count percentage of total count
                 A         B        C        D         E       F
            +---------+---------+-------+---------+---------+-------
      Total |      99 |      34 |  25.6 |      47 |      11 |  19.0
            +---------+---------+-------+---------+---------+-------
        D:1 |      32 |       0 |   0.0 |      19 |       0 |   0.0
        D:2 |      35 |      34 |  49.3 |      13 |      11 |  45.8
        D:3 |      32 |       0 |   0.0 |      15 |       0 |   0.0
            +---------+---------+-------+---------+---------+-------
